 Dungeon Crawl Stone Soup version 0.30-a0-1157-g2cc9ac7196 (webtiles) character file.

Game seed: 978048279813168405

86 pokedragonboy the Poker (level 4, -1/40 HPs)
             Began as a Naga Warper on Apr 24, 2023.
             Killed by divine providence
             ... invoked by an orc priest
              (12 damage)
             ... on level 3 of the Dungeon.
             The game lasted 00:04:19 (2104 turns).

pokedragonboy the Poker (Naga Warper)               Turns: 2104, Time: 00:04:20

Health: -1/40      AC:  3    Str: 15    XL:     4   Next: 49%
Magic:  7/7        EV:  9    Int: 13    God:
Gold:   178        SH:  5    Dex: 11    Spells: 0/7 levels left

rFire   . . .        a - +0 spear
rCold   . . .        (no shield)
rNeg    + . .        b - +0 leather armour
rPois   +            (no helmet)
rElec   .            j - +0 cloak {Will+}
rCorr   .            (no gloves)
SInv    +            (no barding)
Will    ++...        n - amulet of reflection
Stlth   ++           i - ring of positive energy
HPRegen 0.26/turn    t - ring of willpower
MPRegen 0.10/turn

%: reflection
@: short of breath, very slow
A: AC +1, large, see invisible, deformed body, poison resistance, slowness 2,
spit poison 1, naga tail 1
a: Spit Poison


You were on level 3 of the Dungeon.
You visited 1 branch of the dungeon, and saw 3 of its levels.

You collected 178 gold pieces.

Inventory:

Hand Weapons
 a - a +0 spear (weapon)
Missiles
 d - 7 boomerangs of dispersal
 u - 10 boomerangs
Armour
 b - a +0 leather armour (worn)
 j - a +0 cloak of willpower (worn)
Jewellery
 i - a ring of positive energy (left hand)
 n - an amulet of reflection (around neck)
 t - a ring of willpower (right hand)
Scrolls
 c - 2 scrolls of blinking
 g - a scroll of immolation {unknown}
 h - 4 scrolls of identify {unknown}
 k - a scroll of amnesia {unknown}
 l - a scroll of noise {unknown}
 m - a scroll of fog {unknown}
 o - a scroll of torment {unknown}
 q - a scroll of poison {unknown}
 s - a scroll of fear {unknown}
 w - a scroll of acquirement {unknown}
Potions
 e - 2 potions of flight {unknown}
 f - a potion of curing
 p - a potion of degeneration {unknown}
 r - a potion of invisibility {unknown}
 v - a potion of attraction {unknown}


   Skills:
 * Level 2.8 Fighting
 * Level 3.5 Polearms
 - Level 0.8 Throwing
 - Level 0.7 Armour
 - Level 1.5 Dodging
 + Level 2.7 Stealth
 - Level 2.0 Spellcasting
 + Level 3.0 Translocations


You couldn't memorise any spells.
You knew the following spells:

 Your Spells              Type           Power      Damage    Failure   Level
a - Blink                 Tloc           18%        N/A       14%         2
b - Lesser Beckoning      Tloc           18%        N/A       14%         2
c - Vhi's Electric Charg  Tloc/Air       10%        N/A       45%         3

Your spell library contained the following spells:

 Spells                   Type           Power      Damage    Failure   Level
 Teleport Other           Tloc           9%         N/A       26%         3
 Manifold Assault         Tloc           9%         N/A       65%         4


Dungeon Overview and Level Annotations

Branches:
Dungeon (3/15)

Altars:


Innate Abilities, Weirdness & Mutations

Your serpentine skin is tough. (AC +1)
You have supernaturally acute eyesight. (SInv)
Armour fits poorly on your strangely shaped body.
Your system is resistant to poisons. (rPois)
You cover ground very slowly.
You can spit poison.
You have a snake-like lower body.


Message History

It was a potion of curing.
You feel better.
The orc priest calls down the wrath of Beogh upon you.
Beogh smites you!
* * * LOW HITPOINT WARNING * * *
You feel better. The orc priest hits you with a +0 club.
* * * LOW HITPOINT WARNING * * *
You hit the orc priest but do no damage.
The orc priest hits you with a +0 club.
* * * LOW HITPOINT WARNING * * *
Okay, then.
You feel better.
You have got your breath back.
The orc priest hits you with a +0 club.
You closely miss the orc priest. The orc priest completely misses you.
You hit the orc priest. Your punch misses the orc priest.
The orc priest is moderately wounded.
You block the orc priest's attack.
You barely miss the orc priest.
The orc priest is moderately wounded.
The orc priest hits you with a +0 club.
Okay, then.
You barely miss the orc priest.
The orc priest is moderately wounded.
The orc priest barely misses you.
Aiming: Spit Poison (1% risk of failure)
Press: ? - help, Q - select action, (/) - cycle Shift-Dir - straight line, f/p - orc priest
Aim: an orc priest, wielding a +0 club and wearing a +0 ring mail (moderately wounded, 65% to hit)
The splash of poison hits the orc priest.
The orc priest is severely wounded.
The orc priest hits you with a +0 club.
* * * LOW HITPOINT WARNING * * *
You closely miss the orc priest.
The orc priest is severely wounded.
The orc priest misses you.
Unknown command.
You hit the orc priest.
The orc priest is severely wounded.
The orc priest invokes the aid of Beogh against you.
Beogh smites you!
You die...

#.# .....#.# #.#
#######.# #.##.#.#
#.# #.......#
#.##.#.#
####.####.####
#(##.#)#
#.........<..#
#.####.##.#.#
#.##.####.##.#
#...........###
##)##.####.##.#
#.####.##......
#..........##.#####.#
#.########
#..##.#######...@oo#
##.# # ......#
#######.#.#..# #
#..#### ..#.## # #..#
#.#.# # #..# #..#
#.#.#
#..###########..#
#.#.# ##
#.......†....#..#
#.#.####....
######.#####.#..#
#.#......## #.#
#.#..# #......<....


You could see an orc priest and an orc.

Vanquished Creatures
  2 adders
  A dart slug (D:3)
  6 orcs (D:3)
  6 ball pythons
  6 endoplasms
  A giant cockroach (D:1)
  6 goblins
  2 hobgoblins (D:1)
  7 jackals (D:1)
  6 kobolds
  3 bats
  3 frilled lizards (D:1)
  4 rats
53 creatures vanquished.

Notes
Turn   | Place    | Note
-------+----------+-------------------------------------------
     0 | D:1      | pokedragonboy the Naga Warper began the quest for the Orb.
     0 | D:1      | Reached XP level 1. HP: 19/19 MP: 3/3
   165 | D:1      | Reached skill level 1 in Stealth
   165 | D:1      | Reached XP level 2. HP: 20/26 MP: 5/5
   512 | D:1      | Reached XP level 3. HP: 21/33 MP: 6/6
  1008 | D:2      | Found a faded altar of an unknown god.
  1573 | D:3      | Reached XP level 4. HP: 28/40 MP: 7/7
  1860 | D:3      | Learned a level 2 spell: Blink
  1863 | D:3      | Learned a level 2 spell: Lesser Beckoning
  1867 | D:3      | Learned a level 3 spell: Vhi's Electric Charge
  2104 | D:3      | Killed from afar by an orc priest

Illustrated notes

Levels and vault maps discovered:
D:1:      saegor_arrival_under_anarchy, layout_loops_ring, serial_rivers,
          chequers_serial_rivers_large_a, chequers_serial_rivers_small_3,
          chequers_serial_rivers_room_a, chequers_serial_rivers_micro_c,
          item_on_display_a
D:2:      layout_loops_ring, ebering_ecumenical_altar_mist
D:3:      layout_loops_ring, grunt_ministairs_1, minivault_19

Skill      XL: |  1  2  3 |
---------------+----------+-----
Stealth        | 1 2 |  2.7
Polearms       | 3 |  3.5
Fighting       | |  2.8
Throwing       | |  0.8
Armour         | |  0.7
Dodging        | |  1.5
Spellcasting   | |  2.0
Translocations | |  3.0

Action                     |  1- 3 |  4- 6 || total
---------------------------+-------+-------++-------
  Melee: Spear             |   126 |    61 ||   187
         Punch             |       |     1 ||     1
Ability: Spit Poison       |    15 |     7 ||    22
    Use: Potion            |       |     3 ||     3
   Stab: Sleeping          |     4 |     1 ||     5
 Armour: Leather armour    |    22 |    10 ||    32
  Dodge: Dodged            |    47 |    14 ||    61
  Block: Other             |    10 |     8 ||    18
         Reflection        |     2 |       ||     2

Table legend: (Time is in decaauts)
 A = Elapsed time spent in this place.
 B = Non-inter-level travel time spent in this place.
 C = Inter-level travel time spent in this place.
 D = Time resting spent in this place.
 E = Time spent auto-exploring this place.
 F = Levels seen in this place.
 G = Mean time per level.
                   A        B        C        D        E       F      G
               +--------+--------+--------+--------+--------+-----+--------+
         Total |   2669 |   2642 |     27 |    150 |   2056 |   3 |  889.7 |
       Dungeon |   2669 |   2642 |     27 |    150 |   2056 |   3 |  889.7 |
               +--------+--------+--------+--------+--------+-----+--------+

Top non-repeatable levels by time:
     D:1: 1176 daAuts
     D:2: 796 daAuts
     D:3: 697 daAuts
